 Dungeon Crawl Stone Soup version 0.24-a0-537-g2d01d4ab0a (webtiles) character file.

Game seed: 17164641840680083949

4 Mithandil the Chopper (level 1, 0/30 HPs)
             Began as a Minotaur Berserker on Aug 13, 2019.
             Was a Follower of Trog.
             Slain by an orc
             ... wielding a +0 mace
              (8 damage)
             ... on level 3 of the Dungeon.
             The game lasted 00:01:39 (113 turns).

Mithandil the Chopper (Minotaur Berserker)           Turns: 113, Time: 00:01:39

Health: 0/30       AC:  3    Str: 26    XL:     1   Next: 50%
Magic:  0/0        EV: 12    Int:  4    God:    Trog [*.....]
Gold:   0          SH:  0    Dex:  9    Spells: 0/0 levels left

rFire    . . .     SeeInvis .   a - +0 hand axe
rCold    . . .     Gourm    .   (no shield)
rNeg     . . .     Faith    .   i - +0 leather armour
rPois    .         Spirit   .   (helmet restricted)
rElec    .         Reflect  .   (no cloak)
rCorr    .         Harm     .   (no gloves)
MR       .....                  (no boots)
Stlth    ..........             (no amulet)
HPRegen  0.10/turn              (no ring)
MPRegen  0.07/turn              (no ring)

@: berserking, very quick
A: retaliatory headbutt, horns 2
a: Berserk, Renounce Religion


You were on level 3 of the Dungeon.
You worshipped Trog.
Trog was aware of your devotion.
You were not hungry.

You visited 1 branch of the dungeon, and saw 3 of its levels.

Inventory:

Hand Weapons
 a - a +0 hand axe (weapon)
 b - a +0 hunting sling
Missiles
 e - 11 arrows
 f - 3 stones (quivered)
Armour
 i - a +0 leather armour (worn)
Scrolls
 g - a scroll of enchant weapon {unknown}
Potions
 h - a potion of heal wounds {unknown}
Comestibles
 c - 2 rations


   Skills:
 + Level 3.6 Fighting
 * Level 3.7 Axes
 + Level 0.2 Throwing
 + Level 2.5 Armour
 + Level 2.2 Dodging


You couldn't memorise any spells.
You didn't know any spells.
Your spell library was empty.

Dungeon Overview and Level Annotations

Branches:
Dungeon (3/15)

Altars:

Portals:
Sewer: D:3


Innate Abilities, Weirdness & Mutations

You reflexively headbutt those who attack you in melee.
You have a pair of horns on your head.


Message History

You barely miss the kobold.
The kobold hits you with a +0 short sword.
The orc priest closely misses you.
A goblin comes into view.
You hit the orc priest but do no damage.
Your headbutt misses the orc priest.
The orc priest is moderately wounded.
You barely miss the orc. You hit the kobold.
You kill the kobold!
Trog accepts your kill.
A giant cockroach comes into view.
The orc priest hits you. The orc misses you.
You hit the orc priest but do no damage.
The orc priest is moderately wounded.
You closely miss the orc. The orc priest hits you.
* * * LOW HITPOINT WARNING * * *
A red film seems to cover your vision as you go berserk!
You feel yourself moving faster!
You feel mighty!
You feel a lot more hungry. The orc hits you with a +0 mace!
You die...

###.###########
#...............#
+...............#
#.....g.........#
#....)..........#
#...............#
#.....w..oo.....#
#........@.o....#
#......<.oo!....#
+............(...
#...............#
#................
..!.........#####
............#SSS#
............#sss#
...########.#≈∩≈


You could see a worm, an orc priest, 3 adders, 4 orcs, 3 giant cockroaches and a
goblin.

Vanquished Creatures
  A goblin (D:3)
  2 kobolds
3 creatures vanquished.

Notes
Turn   | Place    | Note
-------+----------+-------------------------------------------
     0 | D:1      | Mithandil the Minotaur Berserker began the quest for the
                  | Orb.
     0 | D:1      | Reached XP level 1. HP: 19/19 MP: 0/0
   107 | D:3      | Found a glowing drain.
   107 | D:3      | Noticed an orc priest
   113 | D:3      | Slain by an orc

Levels and vault maps discovered:
D:1:      nzn_arrival_water_spiral, layout_loops_ring
D:2:      layout_loops_corners, minmay_misc_feat_columns
D:3:      layout_basic, gup_sewer_entry_glass, chequers_ecumenical_altar_lobes,
          first_ration, minivault_19

Action                   || total
-------------------------++-------
Melee: Hand axe          ||     5
       Headbutt          ||     2
Invok: Berserk           ||     1
Dodge: Dodged            ||     5

Table legend:
 A = Non-vault XP
 B = Vault XP
 C = Vault XP percentage of total XP
 D = Non-vault monster count
 E = Vault monster count
 F = Vault count percentage of total count
                 A         B        C        D         E       F
            +---------+---------+-------+---------+---------+-------
      Total |       6 |       0 |   0.0 |       3 |       0 |   0.0
            +---------+---------+-------+---------+---------+-------
        D:1 |       2 |       0 |   0.0 |       1 |       0 |   0.0
        D:3 |       4 |       0 |   0.0 |       2 |       0 |   0.0
            +---------+---------+-------+---------+---------+-------
